 Dungeon Crawl Stone Soup version 0.17.0-26-gececa24 (console) character file.

119 Kloppie the Skirmisher (level 4, -3/40 HPs)
             Began as a Centaur Fighter on Nov 19, 2015.
             Killed by divine providence
             ... invoked by an orc priest
              (14 damage)
             ... on level 3 of the Dungeon.
             The game lasted 00:02:50 (1446 turns).

Kloppie the Skirmisher (Centaur Fighter)            Turns: 1446, Time: 00:02:50

Health: -3/40      AC:  7    Str: 19    XL:     4   Next: 74%
Magic:  4/4        EV:  5    Int:  7    God:
Gold:   163        SH:  8    Dex:  9    Spells: 0 memorised, 3 levels left

rFire  . . .     SeeInvis .     a - +0 trident
rCold  . . .     Clarity  .     b - +0 scale mail
rNeg   . . .     SustAt   .     c - +0 shield
rPois  .         Gourm    .     (no helmet)
rElec  .         Spirit   .     (no cloak)
rCorr  .         Warding  .     o - +0 pair of gloves
rMut   .         Stasis   .     (no barding)
MR     .....                    (no amulet)
Stlth  ..........               (no ring)
                                (no ring)

@: very quick, not resistant to hostile enchantments, extremely unstealthy
A: hooves 3, deformed body, speed 2, tough skin 3
a: no special abilities


You were on level 3 of the Dungeon.
You were not hungry.

You visited 1 branch of the dungeon, and saw 3 of its levels.

You collected 163 gold pieces.

Inventory:

Hand Weapons
 a - a +0 trident (weapon)
 q - a +0 spear of venom
Missiles
 r - 12 poisoned bolts
 y - 18 bolts
Armour
 b - a +0 scale mail (worn)
 c - a +0 shield (worn)
 o - a +0 pair of gloves (worn)
Jewellery
 v - a cursed amulet of inaccuracy {unknown}
Scrolls
 g - 2 scrolls of remove curse {unknown}
 i - a scroll of magic mapping {unknown}
 m - 3 scrolls of amnesia {unknown}
 s - 2 scrolls of identify {unknown}
Potions
 d - a potion of might
 f - a potion of mutation {unknown}
 h - a potion of invisibility {unknown}
 j - 2 potions of berserk rage {unknown}
 k - 2 potions of degeneration {unknown}
 l - 2 potions of magic {unknown}
 p - a potion of agility {unknown}
 u - a potion of haste {unknown}
Comestibles
 e - 2 bread rations
 n - a meat ration
 t - a slice of pizza
 w - a chunk of flesh
 x - a beef jerky


   Skills:
 + Level 4.3 Fighting
 + Level 3.5 Polearms
 - Level 2.1 Armour
 - Level 2.1 Shields


You had 3 spell levels left.
You didn't know any spells.

Dungeon Overview and Level Annotations

Branches:
Dungeon (3/15)

Altars:
Cheibriados
Elyvilon

Annotations:
D:2 Sigmund


Innate Abilities, Weirdness & Mutations

You have hooves in place of feet.
Armour fits poorly on your strangely shaped body.
You cover ground very quickly.
You have extremely tough skin (AC +3).


Message History

You are too injured to fight recklessly!
You are too injured to fight recklessly!
You are too injured to fight recklessly!
You are too injured to fight recklessly!
You are too injured to fight recklessly!
Attack whom?
Press: ? - help, Dir - move target cursor, f - bat
Aim: a bat You reach to attack!
You hit the bat but do no damage. The bat hits you but does no damage.
An orc and an orc priest come into view.
Attack whom?
Press: ? - help, Dir - move target cursor, f/p - bat
Aim: a bat You reach to attack!
The orc shouts!
You hit the bat but do no damage. The bat hits you but does no damage.
The orc priest calls down the wrath of Beogh upon you.
Something smites you!
You die...

...#.##### . ##....#
.......o.o ##....#
#..........
#..#.(##....#.....#
..##.......#......#
##.....#...#......#
..(##.....#.......####.#
..........#.#...b.......
...(......#.#...@.....=.
...................#####
........#.....#....#
................##.#
........#.⌠.⌠.#..#.#
..>..............#.#
.....†#.#.....#..#.#
).....#...._.......#########
......#.#.....#..#.........#


You could see an orc priest, an orc and a bat.

Vanquished Creatures
  Jessica (D:2)
  5 adders
  A worm (D:2)
  3 giant geckos (D:1)
  4 bats
  2 giant cockroaches (D:1)
  6 goblins
  7 hobgoblins
  6 kobolds
  10 rats
45 creatures vanquished.

Notes
Turn   | Place    | Note
--------------------------------------------------------------
     0 | D:1      | Kloppie the Centaur Fighter began the quest for the Orb.
     0 | D:1      | Reached XP level 1. HP: 19/19 MP: 1/1
    65 | D:1      | Reached XP level 2. HP: 16/26 MP: 2/2
   391 | D:1      | Found a snail-covered altar of Cheibriados.
   522 | D:1      | Reached XP level 3. HP: 29/31 MP: 3/3
   780 | D:2      | Noticed Sigmund
   983 | D:2      | Noticed Jessica
   984 | D:2      | Killed Jessica
   993 | D:2      | Reached skill level 4 in Fighting
   993 | D:2      | Reached XP level 4. HP: 24/40 MP: 4/4
  1349 | D:3      | Found a white marble altar of Elyvilon.
  1446 | D:3      | Killed from afar by an orc priest

Action                   |  1- 3 |  4- 6 || total
-------------------------+-------+-------++-------
Melee: Trident           |   105 |    49 ||   154
  Eat: Chunk             |       |     1 ||     1
